 Dungeon Crawl Stone Soup version 0.24-a0-201-gf205589 (webtiles) character file.

Game seed: 8129275273659701557

91 Hasart the Chucker (level 4, 0/48 HPs)
             Began as an Ogre Hunter on Mar 22, 2019.
             Succumbed to an adder's poison
             ... on level 2 of the Dungeon.
             The game lasted 00:02:04 (1365 turns).

Hasart the Chucker (Ogre Hunter)                    Turns: 1365, Time: 00:02:05

Health: 0/48       AC:  3    Str: 17    XL:     4   Next: 57%
Magic:  4/4        EV: 10    Int: 12    God:
Gold:   19         SH:  0    Dex:  9    Spells: 3/3 levels left

rFire    . . .     SeeInvis .   g - +0 whip
rCold    . . .     Gourm    .   (no shield)
rNeg     . . .     Faith    .   b - +0 robe
rPois    .         Spirit   .   (helmet restricted)
rElec    .         Reflect  .   (no cloak)
rCorr    .         Harm     .   (gloves unavailable)
MR       .....                  (boots unavailable)
Stlth    ++........             (no amulet)
HPRegen  0.16/turn              h - ring of stealth
MPRegen  0.09/turn              (no ring)

@: lethally poisoned (0 -> -6)
A: large, unfitting armour, tough skin 1
a: no special abilities


You were on level 2 of the Dungeon.
You were not hungry.

You visited 1 branch of the dungeon, and saw 2 of its levels.

You collected 19 gold pieces.

Inventory:

Hand Weapons
 g - a +0 whip (weapon)
Missiles
 c - 3 large rocks (quivered)
 d - 2 throwing nets
Armour
 b - a +0 robe (worn)
Jewellery
 h - a ring of stealth (left hand)
Scrolls
 i - a scroll of teleportation {unknown}
 k - a scroll of identify {unknown}
Potions
 e - a potion of agility {unknown}
 j - 2 potions of degeneration {unknown}
 l - a potion of magic {unknown}
 m - a potion of mutation {unknown}
Comestibles
 a - 6 chunks of flesh
 f - a ration


   Skills:
 + Level 4.0 Fighting
 + Level 1.2 Maces & Flails
 + Level 4.5 Throwing
 + Level 2.6 Dodging
 - Level 0.6 Stealth


You had 3 spell levels left.
You didn't know any spells.
Your spell library was empty.

Dungeon Overview and Level Annotations

Branches:
Dungeon (2/15)

Altars:


Innate Abilities, Weirdness & Mutations

You are too large for most types of armour.
You have tough skin. (AC +1)


Message History

* * * LOW HITPOINT WARNING * * *
You feel sick. The bat misses you. The bat barely misses you.
The adder bites you but does no damage.
You closely miss the adder.
The adder is moderately wounded.
* * * LOW HITPOINT WARNING * * *
You feel sick. The bat hits you.
* * * LOW HITPOINT WARNING * * *
The bat hits you but does no damage. The adder bites you.
* * * LOW HITPOINT WARNING * * *
Unknown command.
You closely miss the adder.
The adder is moderately wounded.
The bat hits you.
* * * LOW HITPOINT WARNING * * *
The adder misses you. The bat closely misses you.
The adder bites you but does no damage.
You miss the adder.
The adder is moderately wounded.
You die...

.########
.....#.(.
#...(...
##......#
........###
......b...##
#....@S..#
<...!..b.)..#
#......>....#
#..............
#............##
...............
.#.............
..........###.


You could see an adder and 2 bats.

Vanquished Creatures
  A bullfrog (D:2)
  2 dart slugs (D:1)
  A leopard gecko (D:1)
  2 giant cockroaches (D:1)
  2 goblins (D:1)
  3 hobgoblins (D:1)
  4 jackals (D:1)
  2 kobolds (D:1)
  A ball python (D:1)
  2 bats (D:1)
  3 rats (D:1)
23 creatures vanquished.

Notes
Turn   | Place    | Note
-------+----------+-------------------------------------------
     0 | D:1      | Hasart the Ogre Hunter began the quest for the Orb.
     0 | D:1      | Reached XP level 1. HP: 22/22 MP: 1/1
   436 | D:1      | Reached XP level 2. HP: 23/31 MP: 2/2
  1082 | D:1      | Reached XP level 3. HP: 37/37 MP: 3/3
  1354 | D:2      | Noticed a bullfrog
  1361 | D:2      | Killed a bullfrog
  1361 | D:2      | Reached skill level 1 in Maces & Flails
  1361 | D:2      | Reached XP level 4. HP: 12/48 MP: 4/4
  1363 | D:2      | HP: 2/48 [adder (2)]
  1365 | D:2      | Succumbed to an adder's poison

Levels and vault maps discovered:
D:1:      lightli_iron_boxes, layout_loops_ring
D:2:      layout_rooms, nicolae_gozag_seed_capital

Skill      XL: |  1  2  3 |
---------------+----------+-----
Fighting       | 3 4 |  4.0
Dodging        | 2 |  2.6
Maces & Flails | 1 |  1.2
Throwing       | |  4.5
Stealth        | |  0.6

Action                   |  1- 3 |  4- 6 || total
-------------------------+-------+-------++-------
Melee: Short sword       |    75 |       ||    75
       Whip              |    45 |     4 ||    49
Throw: Large rock        |     3 |       ||     3
 Stab: Sleeping          |     4 |       ||     4
  Eat: Chunk             |     2 |       ||     2
Armor: Robe              |    41 |     4 ||    45
Dodge: Dodged            |    80 |     6 ||    86

Table legend:
 A = Non-vault XP
 B = Vault XP
 C = Vault XP percentage of total XP
 D = Non-vault monster count
 E = Vault monster count
 F = Vault count percentage of total count
                 A         B        C        D         E       F
            +---------+---------+-------+---------+---------+-------
      Total |     130 |       0 |   0.0 |      23 |       0 |   0.0
            +---------+---------+-------+---------+---------+-------
        D:1 |      42 |       0 |   0.0 |      22 |       0 |   0.0
        D:2 |      88 |       0 |   0.0 |       1 |       0 |   0.0
            +---------+---------+-------+---------+---------+-------
